 Dungeon Crawl Stone Soup version 0.21-a0-43-g1479571 (console) character file.

116 nht the Gusty (level 4, 0/33 HPs)
             Began as a Draconian Air Elementalist on June 6, 2017.
             Was a Follower of Nemelex Xobeh.
             Succumbed to an adder's poison
             ... on level 4 of the Dungeon.
             The game lasted 00:05:48 (2281 turns).

nht the Gusty (Draconian Air Elementalist)          Turns: 2281, Time: 00:05:49

Health: 0/33       AC:  5    Str: 15    XL:     4   Next: 69%
Magic:  5/7        EV: 12    Int: 16    God:    Nemelex Xobeh [*.....]
Gold:   101        SH:  0    Dex: 12    Spells: 3/7 levels left

rFire    . . .     SeeInvis .   (no weapon)
rCold    + . .     Gourm    .   (no shield)
rNeg     . . .     Faith    .   (armour unavailable)
rPois    .         Spirit   .   (helmet restricted)
rElec    .         Reflect  .   (no cloak)
rCorr    +         Harm     .   (no gloves)
MR       .....                  (no boots)
Stlth    ++........             (no amulet)
Regen    0.2/turn               c - ring of protection from cold
MPRegen  0.1/turn               l - ring of resist corrosion

@: mighty, lethally poisoned (0 -> -5)
A: unfitting armour, cold-blooded, AC +5
a: Renounce Religion


You were on level 4 of the Dungeon.
You worshipped Nemelex Xobeh.
Nemelex Xobeh was aware of your devotion.
You were not hungry.

You visited 1 branch of the dungeon, and saw 4 of its levels.

You collected 101 gold pieces.

Inventory:

Hand Weapons
 g - a +0 war axe
 j - a +0 long sword
 m - a +0 hand axe
Jewellery
 c - a ring of protection from cold (left hand)
 k - an uncursed ring of fire
 l - a ring of resist corrosion (right hand)
Potions
 d - a potion of berserk rage
Books
 a - a book of Air

   Spells                             Type                      Level
   a - Shock                          Conjuration/Air              1
   b - Swiftness                      Charms/Air                   2
   c - Static Discharge               Conjuration/Air              3
   d - Airstrike                      Air                          4
   e - Lightning Bolt                 Conjuration/Air              5
Miscellaneous
 e - a plain deck of destruction {drawn: 2}
Comestibles
 b - 2 bread rations
 f - a fruit
 h - a meat ration
 i - 2 chunks of flesh


   Skills:
 - Level 2.0 Dodging
 - Level 1.8 Stealth
 + Level 2.1 Spellcasting
 + Level 3.0 Conjurations
 + Level 4.2 Air Magic


You had 3 spell levels left.
You knew the following spells:

 Your Spells              Type           Power        Failure   Level  Hunger
a - Shock                 Conj/Air       ##..         4%          1    #......
b - Static Discharge      Conj/Air       ##......     14%         3    ###....


Dungeon Overview and Level Annotations

Branches:
Dungeon (4/15)
 Temple: D:4-7

Altars:
Elyvilon
Nemelex Xobeh

Annotations:
D:3 roguesci's ghost, amateur DrIE


Innate Abilities, Weirdness & Mutations

Your plain brown scales are hard. (AC +5)
You cannot fit into any form of body armour.
You are cold-blooded and may be slowed by cold attacks.


Message History

The adder hisses angrily. x2
The adder moves out of view.
You hit the adder.
The adder is heavily wounded.
You feel sick. The adder closely misses you.
You hit the adder.
The adder is severely wounded.
The adder bites you but does no damage. The adder barely misses you.
The adder bites you.
* * * LOW HITPOINT WARNING * * *
You closely miss the adder.
The adder is severely wounded.
The adder closely misses you. The adder bites you but does no damage.
The adder bites you.
* * * LOW HITPOINT WARNING * * *
You are more poisoned.
The adder poisons you!
Okay, then.
You die...
Your body disappears without a glow.

██ ..█ █.█
█.█ █.███
█>..
█.██████.███
.......@...█
....[███.█.█
... █SS...█
: █.█.███
..█.█ ███ █


You could see 2 adders.

Vanquished Creatures
  4 adders
  An ooze (D:2)
  3 worms
  2 dart slugs
  A leopard gecko (D:2)
  An orc (D:3)
  A ball python (D:3)
  5 bats
  A giant cockroach (D:3)
  6 goblins
  5 hobgoblins
  6 jackals
  7 frilled lizards
  7 kobolds
  2 rats
52 creatures vanquished.

Vanquished Creatures (collateral kills)
  An adder (D:2)
  A hobgoblin (D:2)
2 creatures vanquished.

Grand Total: 54 creatures vanquished

Notes
Turn   | Place    | Note
-------+----------+-------------------------------------------
     0 | D:1      | nht the Draconian Air Elementalist began the quest for the Orb.
     0 | D:1      | Reached XP level 1. HP: 14/14 MP: 3/3
   217 | D:1      | Reached XP level 2. HP: 16/20 MP: 0/5
  1066 | D:2      | Reached XP level 3. HP: 14/26 MP: 1/6
  1322 | D:2      | Found a faded altar of an unknown god.
  1356 | D:2      | Became a worshipper of Nemelex Xobeh the Trickster
  1356 | D:2      | Received a gift from Nemelex Xobeh
  1356 | D:2      | Reached * piety under Nemelex Xobeh
  1533 | D:2      | Reached XP level 4. HP: 24/33 MP: 1/7
  1538 | D:2      | Found a white marble altar of Elyvilon.
  1653 | D:3      | Reached skill level 4 in Air Magic
  1680 | D:3      | Noticed roguesci's ghost (amateur DrIE)
  2241 | D:3      | Learned a level 3 spell: Static Discharge
  2280 | D:4      | HP: 1/33 [adder (2)]
  2281 | D:4      | Succumbed to an adder's poison

Vault maps used:
D:1:      sevenhm_arrival_forest_fort_large_2
D:2:      overflow_temple_1_default, chequers_ecumenical_altar_twisty
D:4:      grunt_temple_overflow_order_and_chaos_1, minmay_temple_entry_junction

Skill      XL: |  1  2  3  4 |
---------------+-------------+-----
Dodging        | 2 |  2.0
Conjurations   | 2 3 |  3.0
Air Magic      | 4 |  4.2
Stealth        | |  1.8
Spellcasting   | |  2.1

Action                   |  1- 3 |  4- 6 || total
-------------------------+-------+-------++-------
Melee: Unarmed           |    95 |    36 ||   131
       Tailslap          |     5 |     1 ||     6
 Cast: Shock             |    63 |    35 ||    98
Evoke: Deck              |       |     2 ||     2
  Use: Potion            |     4 |     1 ||     5
       Scroll            |     3 |     3 ||     6
 Stab: Sleeping          |       |     1 ||     1
  Eat: Chunk             |     3 |     3 ||     6
Armor: Skin              |    29 |    21 ||    50
Dodge: Dodged            |    82 |    58 ||   140
